 Dungeon Crawl Stone Soup version 0.25-a0-353-ged6d54792d (webtiles) character file.

Game seed: 17190101302617245682, levelgen mode: deterministic

5200 iphegenia the Thaumaturge (level 10, -2/47 HPs)
             Began as a Felid Venom Mage on Jan 1, 2020.
             Was a Follower of Uskayaw.
             Slain by a fire bat (6 damage)
             ... on level 12 of the Dungeon.
             The game lasted 00:58:59 (17637 turns).

iphegenia the Thaumaturge (Felid Venom Mage)       Turns: 17637, Time: 00:58:59

Health: -2/47      AC:  2    Str:  6    XL:     10   Next: 34%
Magic:  7/25       EV: 22    Int: 19    God:    Uskayaw [*.....]
Gold:   834        SH:  0    Dex: 18    Spells: 4/29 levels left
                                        Lives:  0   Deaths: 3

rFire    . . .     SeeInvis +     - Unarmed
rCold    . . .     Gourm    .   (shield unavailable)
rNeg     . . .     Faith    .   (armour unavailable)
rPois    .         Spirit   .   (helmet unavailable)
rElec    .         Reflect  .   (cloak unavailable)
rCorr    .         Harm     .   (gloves unavailable)
MR       +....                  (boots unavailable)
Stlth    ++++......             o - amulet of regeneration
HPRegen  0.55/turn              r - ring of wizardry
MPRegen  0.19/turn              h - +2 ring of intelligence

@: quick
A: very small, no armour, no weapons or thrown items, stealth, claws 1, fangs 3,
see invisible, carnivore, speed 1, shaggy fur 2, slow metabolism 1, sharp paws
a: Stomp, Renounce Religion


You were on level 12 of the Dungeon.
You worshipped Uskayaw.
Uskayaw was noncommittal.
You were not hungry.

You visited 2 branches of the dungeon, and saw 13 of its levels.
You also visited: Bailey.

You collected 834 gold pieces.

Inventory:

Missiles
 z - 325 arrows
Jewellery
 h - a +2 ring of intelligence (right paw)
 o - an amulet of regeneration (around neck)
 r - a ring of wizardry (left paw)
 x - an uncursed ring of flight
Wands
 k - a wand of enslavement (8)
 t - a wand of acid (4)
 A - a wand of iceblast (2)
 C - a wand of clouds (1)
 F - a wand of digging (9)
 I - a wand of flame (13)
Scrolls
 e - 4 scrolls of teleportation
 f - 4 scrolls of magic mapping
 g - a scroll of noise {unknown}
 l - a scroll of amnesia
 m - 4 scrolls of fog
 q - 2 scrolls of immolation {unknown}
 s - 2 scrolls of fear
 u - 5 scrolls of remove curse
 w - 2 scrolls of random uselessness {unknown}
 y - a scroll of blinking {unknown}
 D - a scroll of torment {unknown}
 G - a scroll of enchant armour {unknown}
 K - 2 scrolls of identify
Potions
 a - 2 potions of haste
 c - a potion of agility {unknown}
 d - 2 potions of invisibility
 i - 3 potions of flight
 j - 3 potions of cancellation
 n - 3 potions of brilliance
 p - a potion of magic
 v - 2 potions of lignification
 E - 3 potions of curing
Miscellaneous
 B - a lamp of fire
 J - a phial of floods
Comestibles
 b - 28 rations


   Skills:
 * Level 7.4 Fighting
 + Level 6.7 Dodging
 - Level 7.1 Stealth
 + Level 9.3 Unarmed Combat
 + Level 10.4 Spellcasting
 - Level 3.0 Conjurations
 - Level 3.3 Transmutations
 - Level 3.2 Air Magic
 - Level 6.2 Poison Magic
 * Level 3.1 Invocations


You had 4 spell levels left.
You knew the following spells:

 Your Spells              Type           Power        Failure   Level  Hunger
a - Sting                 Tmut/Pois      ####         1%          1    None
b - Poisonous Vapours     Pois/Air       ####..       1%          2    None
c - Mephitic Cloud        Conj/Pois/Air  ####....     1%          3    None
d - Sticky Flame          Conj/Fire      ###.....     16%         4    ##.....
e - Spider Form           Tmut/Pois      ####......   1%          3    None
f - Sticks to Snakes      Tmut           ###.....     1%          2    None
g - Magic Dart            Conj           ###.         1%          1    None
h - Blink                 Tloc           N/A          4%          2    None
i - Olgreb's Toxic Radia  Pois           ####....     2%          4    ##.....
j - Conjure Flame         Conj/Fire      ###.....     4%          3    None

Your spell library contained the following spells:

 Spells                   Type           Power        Failure   Level  Hunger
 Beastly Appendage        Tmut           ###...       1%          1    None
 Foxfire                  Conj/Fire      ###.         1%          1    None
 Freeze                   Ice            #...         2%          1    None
 Ignite Poison            Fire/Tmut/Pois ###.....     2%          3    None
 Call Imp                 Summ           #.......     4%          2    None
 Slow                     Hex            #.......     4%          2    None
 Inner Flame              Hex/Fire       #.......     9%          3    None
 Ozocubu's Armour         Chrm/Ice       #.......     9%          3    None
 Regeneration             Chrm/Necr      #.........   9%          3    None
 Ice Form                 Ice/Tmut       ###.....     14%         4    ##.....
 Hailstorm                Conj/Ice       ###.....     16%         4    ##.....
 Summon Ice Beast         Ice/Summ       #.......     26%         4    ##.....
 Blade Hands              Tmut           ###.......   21%         5    #####..
 Fireball                 Conj/Fire      ###.......   38%         5    #####..
 Metabolic Englaciation   Hex/Ice        #.........   58%         5    #####..
 Freezing Cloud           Conj/Ice/Air   ###.......   86%         6    ######.
 Starburst                Conj/Fire      ###.......   90%         6    ######.
 Ozocubu's Refrigeration  Ice            #.........   98%         6    ######.
 Simulacrum               Ice/Necr       #.........   98%         6    ######.
 Ring of Flames           Chrm/Fire      #.........   100%        7    #######
 Ignition                 Fire           #.........   100%        8    #######


Dungeon Overview and Level Annotations

Branches:
Dungeon (12/15)            Temple (1/1) D:7            Lair (0/6) D:9
    Orc (0/2) D:12         Bailey (visited)

Altars:
Ashenzari
Cheibriados
Dithmenos
Elyvilon
Fedhas
Gozag
Hepliaklqana
Kikubaaqudgha
Makhleb
Nemelex Xobeh
Okawaru
Qazlal
Ru
Sif Muna
Trog
Uskayaw
Vehumet
Wu Jian
Xom
Yredelemnul
Zin
The Shining One

Shops:
D:6 %   D:10 }

Annotations:
D:1 exclusion: downstairs
D:5 exclusion: downstairs
D:6 exclusion: downstairs
D:7 1 exclusion
D:8 exclusions: downstairs, water moccasin and 1 more exclusion
D:11 3 runed translucent doors, exclusions: door and downstairs, Borgoz's ghost, journeyman GrGl; Gastronok; Guilu's ghost, journeyman GnWn; KrasnyyBoyets's ghost, journeyman TrFi


Innate Abilities, Weirdness & Mutations

You cannot wear armour.
You are incapable of wielding weapons or throwing items.
Your paws allow you to move quietly. (Stealth)
You have sharp claws.
You have razor-sharp teeth.
You have supernaturally acute eyesight. (SInv)
You are carnivorous and can eat meat at any time.
You cover ground quickly.
You are covered in thick fur. (AC +2)
You have a slow metabolism.
Your sharp claws are effective at attacking unaware monsters.


Message History

The fire dragon breathes flames at you. The blast of flame hits you!
The ufetubus disappears in a puff of smoke!
The sun demon disappears in a puff of smoke!
You feel a bit more experienced. The fire bat misses you.
The fire bat bites you.
You are engulfed in flames!
The fire bat barely misses you.
Items here: )) [ †† a +0 flail; a +0 dagger; a +0 leather armour; an orc corpse x2
The fire bat completely misses you.
Things that are here:
a +0 leather armour; an orc corpse The fire bat bites you.
* * * LOW HITPOINT WARNING * * *
You are engulfed in flames.
* * * LOW HITPOINT WARNING * * *
The fire bat bites you.
* * * LOW HITPOINT WARNING * * *
You are engulfed in flames.
You die...

..#.....#
#...............
..#.....##
#...............
..#.......#
####......####.#
###.......#
#.###### #
........##### #.#
............# #.#
..........).#####.#
...).....D.)[b...[#
.........#####@...#
.........# #....#
........§# #....#
#.###....# #....#
##...#####....#
..##.§K........#
...##..........##
#..##5.........#
#....
#...#..........###
#....


You could see a fire dragon and a fire bat.

Vanquished Creatures
  A hydra (D:11)
  3 two-headed ogres
  Nergalle (D:11)
  A deep elf mage (D:12)
  A manticore (D:11)
  Maurice (D:9)
  2 centaur skeletons
  A kobold demonologist (D:12)
  A troll (D:12)
  A hornet (D:8)
  A wolf spider simulacrum (D:11)
  2 hippogriffs
  A shadow (D:12)
  2 wyverns
  5 yaks (D:11)
  3 fire bats (D:12)
  Grum (D:9)
  A hungry ghost (D:8)
  2 chaos spawn
  A steam dragon (D:7)
  A soldier ant (D:8)
  A water moccasin (D:5)
  Edmund (D:5)
  A black bear (D:8)
  4 ice beasts
  2 phantoms
  9 orc warriors
  4 sky beasts
  4 wolves
  7 ogres
  A necrophage (D:10)
  A big kobold (D:12)
  7 centaurs
  Blork the orc (D:4)
  7 bullfrogs
  A wyvern skeleton (D:12)
  A water moccasin skeleton (D:6)
  3 scorpions
  17 killer bees
  5 wights (D:9)
  A howler monkey (D:7)
  4 crimson imps
  2 centaur zombies
  A bullfrog zombie (D:8)
  A bullfrog skeleton (D:11)
  6 hounds
  5 jellies
  10 orc priests
  6 iguanas
  9 orc wizards
  13 worker ants
  2 hound skeletons
  A hound zombie (D:6)
  3 gnolls (D:8)
  11 adders
  3 shadow imps
  An adder skeleton (D:7)
  An adder zombie (D:6)
  A worm (D:5)
  3 dart slugs
  12 leopard geckos
  57 orcs
  4 giant cockroaches
  8 hobgoblins
  11 jackals
  7 kobolds
  5 quokkas
  2 ball pythons
  2 bats (D:1)
  5 frilled lizards
  10 goblins
  2 jackal skeletons
  2 quokka skeletons (D:4)
  9 rats
330 creatures vanquished.

Vanquished Creatures (others)
  3 withered plants (D:11)
3 creatures vanquished.

Grand Total: 333 creatures vanquished

Notes
Turn   | Place    | Note
-------+----------+-------------------------------------------
     0 | D:1      | iphegenia the Felid Venom Mage began the quest for the Orb.
     0 | D:1      | Reached XP level 1. HP: 7/7 MP: 4/4
    92 | D:1      | Reached XP level 2. HP: 10/11 MP: 0/6
    99 | D:1      | Learned a level 2 spell: Poisonous Vapours
  1511 | D:2      | Found a stormy altar of Qazlal.
  1514 | D:2      | Reached XP level 3. HP: 14/14 MP: 0/7
  1969 | D:2      | You fall into a shaft and drop 1 floor!
  1969 | D:3      | Found a shimmering blue altar of Sif Muna.
  1974 | D:3      | Learned a level 3 spell: Mephitic Cloud
  2213 | D:2      | Reached skill level 1 in Fighting
  2564 | D:3      | Reached XP level 4. HP: 10/19 MP: 1/8
  2831 | D:3      | You fall into a shaft and drop 3 floors!
  2836 | D:6      | Noticed an ice beast
  2839 | D:5      | Entered Level 5 of the Dungeon
  3234 | D:3      | Reached skill level 1 in Air Magic
  3456 | D:3      | Found a hazy altar of Hepliaklqana.
  3649 | D:3      | Reached skill level 1 in Conjurations
  3666 | D:3      | Reached skill level 1 in Unarmed Combat
  3666 | D:3      | Reached XP level 5. HP: 22/22 MP: 1/10
  3775 | D:3      | Learned a level 3 spell: Ignite Poison
  4140 | D:4      | Noticed Blork the orc
  4153 | D:4      | Killed Blork the orc
  4257 | D:4      | Gained mutation: You are covered in thick fur. (AC +2)
                  | [Felid growth]
  4257 | D:4      | Reached XP level 6. HP: 12/26 MP: 3/11
  4257 | D:4      | Reached skill level 3 in Spellcasting
  5318 | D:5      | Reached XP level 7. HP: 30/30 MP: 4/13
  5552 | D:5      | Got a warped crystal amulet
  5554 | D:5      | Identified the amulet "Inakenn" {Harm *Drain Int+2 SInv}
                  | (You found it on level 5 of the Dungeon)
  5605 | D:5      | Learned a level 3 spell: Spider Form
  5804 | D:5      | Noticed Edmund
  5830 | D:5      | Killed Edmund
  6887 | D:5      | Reached skill level 4 in Spellcasting
  6887 | D:5      | Reached XP level 8. HP: 34/34 MP: 13/15
  6978 | D:6      | Found an iron altar of Okawaru.
  7241 | D:6      | Found a blossoming altar of Fedhas.
  7385 | D:6      | Learned a level 2 spell: Sticks to Snakes
  8007 | D:6      | Found an ornate altar of the Wu Jian Council.
  8010 | D:6      | Found a glowing silver altar of Zin.
  8062 | D:6      | Found Saunig's Food Shop.
  8218 | D:7      | Found a large runed translucent door.
  8218 | D:7      | Found a large runed translucent door.
  8373 | D:7      | Found a large runed translucent door.
  8373 | D:7      | Found a large runed translucent door.
  8575 | D:7      | Reached skill level 5 in Unarmed Combat
  8758 | D:7      | Found a staircase to the Ecumenical Temple.
  8775 | D:7      | Learned a level 1 spell: Magic Dart
  8777 | Temple   | Entered the Ecumenical Temple
  8831 | Temple   | Became a worshipper of Uskayaw the Reveler
  8873 | D:7      | Reached * piety under Uskayaw
  8996 | D:7      | Reached skill level 5 in Spellcasting
  8996 | D:7      | Reached XP level 9. HP: 39/39 MP: 9/17
  9266 | D:6      | Reached skill level 5 in Poison Magic
  9606 | D:7      | Learned a level 2 spell: Blink
  9804 | D:7      | Noticed a cyclops
  9807 | D:7      | Hit by a large rock thrown by a cyclops
  9808 | D:7      | Reached XP level 8. HP: -19/36 MP: 16/17
  9846 | D:7      | HP: 1/36 [cyclops/large rock (35)]
 10003 | D:8      | Found a sacrificial altar of Ru.
 10067 | D:8      | Noticed a two-headed ogre
 10085 | D:8      | Killed a two-headed ogre
 10085 | D:8      | Reached skill level 6 in Spellcasting
 10216 | D:8      | Reached XP level 9. HP: 40/40 MP: 10/19
 10296 | D:8      | Reached skill level 5 in Fighting
 10296 | D:8      | Reached skill level 5 in Stealth
 10725 | D:8      | Reached ** piety under Uskayaw
 11243 | D:8      | Found a blossoming altar of Fedhas.
 11547 | D:9      | Noticed Grum
 11684 | D:9      | Found a flagged portal.
 11693 | Bailey   | Entered a bailey
 11717 | Bailey   | Learned a level 4 spell: Olgreb's Toxic Radiance
 12286 | Bailey   | Identified the Disquisition on Scorching Talismans
 12349 | D:9      | Reached XP level 10. HP: 44/44 MP: 19/21
 12465 | D:9      | Killed Grum
 12488 | D:9      | Reached skill level 7 in Spellcasting
 12597 | D:9      | Found a shimmering altar of Xom.
 12600 | D:9      | Found the +7 mace of Variability {chain chaos}
 12648 | D:8      | Reached skill level 5 in Dodging
 12975 | D:9      | Found a staircase to the Lair.
 13027 | D:9      | Noticed Maurice
 13039 | D:9      | Killed Maurice
 13285 | D:9      | Found a snail-covered altar of Cheibriados.
 13687 | D:10     | Entered Level 10 of the Dungeon
 13693 | D:10     | Reached skill level 8 in Spellcasting
 13785 | D:10     | Reached *** piety under Uskayaw
 14087 | D:10     | Noticed a two-headed ogre
 14108 | D:10     | Killed a two-headed ogre
 14665 | D:10     | Found Amucaib's Gadget Shoppe.
 15071 | D:11     | Learned a level 4 spell: Sticky Flame
 15076 | D:11     | Reached XP level 11. HP: 46/46 MP: 15/24
 15148 | D:11     | Noticed a four-headed hydra
 15196 | D:11     | Learned a level 3 spell: Conjure Flame
 15220 | D:11     | Killed a four-headed hydra
 15220 | D:11     | Reached skill level 9 in Spellcasting
 15307 | D:11     | Noticed Gastronok
 15317 | D:11     | HP: 1/47 [Gastronok/the air (26)]
 15524 | D:11     | Noticed Nergalle
 15539 | D:11     | Killed Nergalle
 15676 | D:11     | Reached **** piety under Uskayaw
 16035 | D:11     | Reached skill level 1 in Invocations
 16133 | D:11     | Found a runed translucent gate.
 16133 | D:11     | Found a runed translucent gate.
 16340 | D:11     | Found a runed translucent gate.
 16340 | D:11     | Noticed Guilu's ghost (journeyman GnWn)
 16341 | D:11     | Noticed Borgoz's ghost (journeyman GrGl)
 16341 | D:11     | Noticed KrasnyyBoyets's ghost (journeyman TrFi)
 17017 | D:12     | HP: 2/49 [centaur/arrow (15)]
 17023 | D:12     | Slain by a killer bee
 17024 | D:12     | Reached XP level 10. HP: 0/47 MP: 14/24
 17041 | D:12     | Found a staircase to the Orcish Mines.
 17085 | D:12     | Noticed a deep elf mage
 17100 | D:12     | Killed a deep elf mage
 17100 | D:12     | Reached skill level 10 in Spellcasting
 17386 | D:12     | Reached XP level 11. HP: 33/50 MP: 1/26
 17404 | D:12     | Slain by a fire bat
 17405 | D:12     | Reached XP level 10. HP: 0/47 MP: 2/25
 17424 | D:12     | Noticed a two-headed ogre
 17439 | D:12     | Noticed a fire dragon
 17439 | D:12     | Killed a two-headed ogre
 17631 | D:12     | Noticed a sun demon
 17637 | D:12     | Slain by a fire bat

Levels and vault maps discovered:
D:1:      moated_graveyard_arrival, layout_basic, grunt_decor_fettered,
          kennysheep_boxes
D:2:      layout_basic, overflow_temple_1_default, first_ration
D:3:      layout_basic, marbit_many_paths, lemuel_round_altar, minmay_vboxes
D:4:      layout_rooms, minmay_starry_boxes, uniq_blork_the_orc
D:5:      minmay_bubble_buster, layout_loops_corners, minivault_24, uniq_edmund
D:6:      layout_cave_pools, nicolae_overflow_hidden_temple,
          kennysheep_little_box, serial_shops, kennysheep_mini_moat
D:7:      layout_basic, temple_pool_b, minmay_hollow_rounded_squares
D:8:      layout_basic, nicolae_ru_great_annihilating_truth,
          hangedman_pestilent_swarm, minmay_statues_item, fedhas_altar_4
D:9:      layout_stronghold, lemuel_doored_altar, lair_entry_dummy,
          enter_bailey_8, minmay_guarded_unrand_variability, uniq_maurice,
          uniq_grum
D:10:     layout_stronghold, serial_shops, nicolae_shop_statue_plus,
          kennysheep_kite_vault
D:11:     layout_roguey, gammafunk_ghost_cemetery, uniq_nergalle, uniq_gastronok
D:12:     minmay_firetagon, layout_irregular_city
Temple:   cyrus_circular_temple

Skill      XL: |  1  2  3  4  5  6  7  8  9 10 11 |
---------------+----------------------------------+-----
Poison Magic   | 3 4 6 |  6.2
Fighting       | 1 2 3 5 6 7 |  7.4
Air Magic      | 1 2 3 |  3.2
Dodging        | 3 4 5 6 |  6.7
Stealth        | 3 4 7 |  7.1
Conjurations   | 1 2 3 |  3.0
Unarmed Combat | 1 2 3 5 6 9 |  9.3
Spellcasting   | 3 4 6 10 9 | 10.4
Transmutations | 2 3 |  3.3
Invocations    | 3 1 |  3.1

Action                   |  1- 3 |  4- 6 |  7- 9 | 10-12 || total
-------------------------+-------+-------+-------+-------++-------
Melee: Unarmed           |    63 |    94 |   225 |   256 ||   638
       Bite              |     3 |     9 |    28 |    32 ||    72
       Punch             |       |     1 |     1 |     8 ||    10
 Cast: Sting             |     7 |       |     1 |       ||     8
       Poisonous Vapours |    37 |    65 |   178 |   162 ||   442
       Magic Dart        |       |       |     4 |     8 ||    12
       Olgreb's Toxic Ra |       |       |     2 |    26 ||    28
       Sticky Flame      |       |       |       |     3 ||     3
       Conjure Flame     |       |       |       |     1 ||     1
       Blink             |       |       |       |     1 ||     1
Evoke: Wand              |       |       |     1 |     9 ||    10
       Lamp of fire      |       |       |     1 |       ||     1
  Use: Potion            |       |     1 |     3 |     2 ||     6
       Scroll            |       |       |    11 |     4 ||    15
 Stab: Sleeping          |     5 |     2 |     9 |     5 ||    21
       Distracted        |       |     1 |       |       ||     1
       Paralysed         |       |       |       |     9 ||     9
  Eat: Chunk             |    13 |     9 |    37 |    16 ||    75
Armor: Skin              |     3 |     4 |    18 |     8 ||    33
Dodge: Dodged            |    56 |    56 |   233 |   280 ||   625

Table legend:
 A = Non-vault XP
 B = Vault XP
 C = Vault XP percentage of total XP
 D = Non-vault monster count
 E = Vault monster count
 F = Vault count percentage of total count
                 A         B        C        D         E       F
            +---------+---------+-------+---------+---------+-------
      Total |   16860 |    5888 |  25.9 |     259 |      71 |  21.5
            +---------+---------+-------+---------+---------+-------
        D:1 |      33 |       0 |   0.0 |      20 |       0 |   0.0
        D:2 |      46 |       1 |   2.1 |      19 |       1 |   5.0
        D:3 |     163 |      21 |  11.4 |      20 |       4 |  16.7
        D:4 |     280 |     120 |  30.0 |      17 |       5 |  22.7
        D:5 |     418 |     353 |  45.8 |      13 |       6 |  31.6
        D:6 |     415 |      90 |  17.8 |      12 |       1 |   7.7
        D:7 |     936 |     474 |  33.6 |      26 |       7 |  21.2
        D:8 |    2069 |     858 |  29.3 |      25 |      10 |  28.6
        D:9 |    1468 |    1214 |  45.3 |      30 |       6 |  16.7
       D:10 |    2193 |     658 |  23.1 |      22 |      12 |  35.3
       D:11 |    4466 |     808 |  15.3 |      27 |       1 |   3.6
       D:12 |    4373 |     591 |  11.9 |      28 |       3 |   9.7
     Bailey |       0 |     700 | 100.0 |       0 |      15 | 100.0
            +---------+---------+-------+---------+---------+-------
